 Dungeon Crawl Stone Soup version 0.25.0-26-g0c896c7088 (webtiles) character file.

Game seed: 12184836187811517976

13748 dalggogi the Protected (level 11, -1/84 HPs)
             Began as a Demonspawn Monk on July 4, 2020.
             Was an Elder of Fedhas.
             Hit by a stone thrown by a skeletal warrior (9 damage)
             ... led by a skeletal warrior
             ... on level 10 of the Dungeon.
             The game lasted 00:38:44 (18679 turns).

dalggogi the Protected (Demonspawn Monk)           Turns: 18679, Time: 00:38:45

Health: -1/84      AC: 21    Str: 14    XL:     11   Next: 79%
Magic:  15/18      EV: 23    Int: 17    God:    Fedhas [****..]
Gold:   723        SH:  0    Dex: 17    Spells: 10/10 levels left

rFire    . . .     SeeInvis .   a - +1 dagger (venom)
rCold    . . .     Gourm    .   (no shield)
rNeg     + . .     Faith    .   v - +0 chain mail
rPois    .         Spirit   .   l - +1 helmet
rElec    .         Reflect  .   f - +2 cloak
rCorr    +         Harm     .   g - +0 pair of gloves
MR       .....                  (no boots)
Stlth    +.........             C - amulet of the acrobat
HPRegen  0.24/turn              h - +6 ring of intelligence
MPRegen  0.16/turn              y - ring of resist corrosion

@: acrobat
A: claws 2, iridescent scales 1, negative energy resistance 1, nightstalker 2,
rot immunity
a: Wall of Briars, Grow Ballistomycete, Overgrow, Renounce Religion


You were on level 10 of the Dungeon.
You worshipped Fedhas.
Fedhas was greatly pleased with you.
You were near starving.

You visited 1 branch of the dungeon, and saw 11 of its levels.
You also visited: Sewer.

You collected 723 gold pieces.

Inventory:

Hand Weapons
 a - a +1 dagger of venom (weapon)
 b - a +0 war axe
 J - a +0 hand axe
Missiles
 p - 24 poisoned darts (quivered)
Armour
 f - a +2 cloak (worn)
 g - a +0 pair of gloves (worn)
 l - a +1 helmet (worn)
 m - a +0 robe
 v - a +0 chain mail (worn)
Magical Staves
 F - an uncursed staff of conjuration {unknown}
Jewellery
 h - a +6 ring of intelligence (left hand)
 y - a ring of resist corrosion (right hand)
 C - an amulet of the acrobat (around neck)
Wands
 D - a wand of random effects (21)
 G - a wand of polymorph (6)
 O - a wand of flame (26)
 P - a wand of iceblast (9)
 Q - a wand of disintegration (15)
Scrolls
 d - a scroll of fear {unknown}
 j - 3 scrolls of enchant weapon
 t - 2 scrolls of immolation
 x - 2 scrolls of amnesia
 B - 2 scrolls of magic mapping
 E - a scroll of teleportation {unknown}
 I - a scroll of enchant armour
 K - a scroll of fog
 M - 3 scrolls of remove curse
 N - 2 scrolls of acquirement {unknown}
Potions
 i - 2 potions of lignification
 k - a potion of stabbing
 n - a potion of ambrosia {unknown}
 o - a potion of magic
 q - 5 potions of curing
 r - 2 potions of might
 s - 8 potions of heal wounds
 u - 6 potions of flight
 z - a potion of brilliance {unknown}
 A - a potion of cancellation {unknown}
 H - 2 potions of haste
Miscellaneous
 L - a tin of tremorstones (3/3)
Comestibles
 c - 13 rations


   Skills:
 + Level 7.1 Fighting
 - Level 6.0 Short Blades
 + Level 6.6 Axes
 + Level 2.7 Throwing
 * Level 11.8 Armour
 - Level 2.6 Dodging
 - Level 1.7 Stealth
 * Level 9.5 Invocations
 - Level 1.7 Evocations


You had 10 spell levels left.
You didn't know any spells.
Your spell library was empty.

Dungeon Overview and Level Annotations

Branches:
Dungeon (11/15)            Temple (0/1) D:4            Lair (0/6) D:11
    Orc (0/2) D:11          Sewer (visited)

Altars:
Elyvilon
Fedhas
Kikubaaqudgha
Makhleb
Wu Jian
Xom
The Shining One

Shops:
D:7 :

Annotations:
D:2 exclusion: 2 downstairs
D:3 1 runed translucent door, Grinder; lepoulpe303's ghost, weakling SpEn
D:9 exclusion: killer bee
D:10 exclusion: 2 downstairs


Innate Abilities, Weirdness & Mutations

You have very sharp fingernails.
You are partially covered in iridescent scales. (AC +2)
You resist negative energy. (rN+)
You are significantly more attuned to the shadows.
You are immune to rotting.


Message History

The skeletal warrior throws a stone.
The stone completely misses you.
You see here a stone.
The skeletal warrior throws a stone.
The stone hits you but does no damage.
You see here a stone.
The skeletal warrior hits you with a +0 dire flail!
* * * LOW HITPOINT WARNING * * *
You see here an arrow.
The skeletal warrior hits you but does no damage.
The skeletal warrior misses you.
A briar patch grows up from the ground. x6; You feel slightly more hungry.
The skeletal warrior hits you with a +0 dire flail.
* * * LOW HITPOINT WARNING * * *
The skeletal warrior hits you with a +0 hand axe!
* * * LOW HITPOINT WARNING * * *
The skeletal warrior hits your briar patch with a +0 hand axe!
The skeletal warrior hits your briar patch but does no damage. x2
You walk carefully through the plants.
The skeletal warrior throws a stone.
The stone hits you!
You die...
Fedhas appreciates your contribution to the ecosystem.

.........#....#..##..#...........
....###..#....#..##..#...........
....# #..#...(#..##..#...........
....# #..#...[).(##z.#..(........
....# #..#..[.#..##(.#...........
....# #..#....#(..(..#.z.........
....###..#....#(PPz..#...........
.........#....#(P.z..#...........
.........######(@PP..#(.##...####
..............(####'##..##...###.
..#####........+........#......#.
..# #........#........#......#.
..# #>..#....#........#......#.
..# #Pz.#....#........#......#.
..# #...#....#........#......#.
..#####........#.......(#......#.
...............##+####'#########.


You could see 3 skeletal warriors.

Vanquished Creatures
  2 hydras (D:11)
  A two-headed ogre (D:10)
  10 deep elf magi (D:11)
  An ugly thing (D:10)
  A gargoyle (D:10)
  A harpy zombie (D:11)
  2 trolls (D:11)
  A hornet (D:11)
  A vampire (D:11)
  2 hippogriffs
  A spriggan (D:9)
  9 yaks
  A wyvern (D:10)
  2 hungry ghosts
  2 water moccasins
  An orc warrior (D:11)
  2 ice beasts (D:10)
  A hornet zombie (D:10)
  A necrophage (D:9)
  2 phantoms
  2 sky beasts (D:10)
  2 ogres
  5 centaurs
  3 big kobolds (Sewer)
  10 bullfrogs
  3 scorpions
  3 electric eels (D:11)
  A wight (D:7)
  A crimson imp (D:5)
  A centaur zombie (D:11)
  4 hounds
  4 jellies
  An orc priest (D:10)
  2 bullfrog skeletons
  2 orc wizards (D:10)
  2 centaur skeletons
  5 iguanas
  9 worker ants
  A hound skeleton (D:9)
  A worker ant zombie (D:5)
  9 gnolls
  18 adders
  6 river rats (Sewer)
  3 shadow imps
  2 oozes
  An adder skeleton (D:5)
  5 worms
  2 dart slugs (D:3)
  6 leopard geckos
  29 orcs
  5 giant cockroaches
  8 goblins
  7 hobgoblins
  15 jackals
  4 quokkas
  5 ball pythons
  5 bats
  4 frilled lizards
  19 kobolds
  3 leopard gecko skeletons
  2 quokka zombies (D:6)
  27 rats
291 creatures vanquished.

Vanquished Creatures (collateral kills)
  A hound (D:4)
  A jackal (D:4)
  A quokka (D:4)
  16 ballistomycete spores
19 creatures vanquished.

Vanquished Creatures (others)
  2 ballistomycete spores (D:11)
2 creatures vanquished.

Grand Total: 312 creatures vanquished

Notes
Turn   | Place    | Note
-------+----------+-------------------------------------------
     0 | D:1      | dalggogi the Demonspawn Monk began the quest for the Orb.
     0 | D:1      | Reached XP level 1. HP: 18/18 MP: 1/1
   301 | D:1      | Gained mutation: You are partially covered in iridescent
                  | scales. (AC +2) [demonic ancestry]
   301 | D:1      | Reached XP level 2. HP: 24/24 MP: 2/2
  1034 | D:2      | Reached skill level 1 in Armour
  1072 | D:2      | Reached XP level 3. HP: 29/29 MP: 3/3
  1386 | D:2      | Gained mutation: You have sharp fingernails. [demonic
                  | ancestry]
  1386 | D:2      | Reached XP level 4. HP: 28/37 MP: 4/4
  3114 | D:2      | Reached skill level 1 in Short Blades
  3297 | D:3      | Gained mutation: You are immune to rotting. [demonic
                  | ancestry]
  3297 | D:3      | Reached XP level 5. HP: 26/42 MP: 5/5
  3522 | D:3      | Found a blossoming altar of Fedhas.
  3530 | D:3      | Became a worshipper of Fedhas Madash
  3530 | D:3      | Reached * piety under Fedhas
  3530 | D:3      | Reached ** piety under Fedhas
  3621 | D:3      | Reached skill level 2 in Armour
  3858 | D:3      | Found a glowing golden altar of the Shining One.
  3861 | D:3      | Found a white marble altar of Elyvilon.
  4276 | D:3      | Found a runed translucent door.
  4281 | D:3      | Noticed lepoulpe303's ghost (weakling SpEn)
  4327 | D:3      | Noticed Grinder
  4332 | D:3      | Paralysed by Grinder for 3 turns
  4549 | D:3      | Paralysed by Grinder for 7 turns
  4953 | D:4      | Noticed a water moccasin
  4956 | D:4      | Reached skill level 1 in Invocations
  4981 | D:4      | Killed a water moccasin
  4981 | D:4      | Gained mutation: You are slightly more attuned to the
                  | shadows. [demonic ancestry]
  4981 | D:4      | Reached XP level 6. HP: 11/48 MP: 4/7
  6061 | D:4      | Found a staircase to the Ecumenical Temple.
  6287 | D:5      | Entered Level 5 of the Dungeon
  6302 | D:5      | Reached skill level 3 in Armour
  6535 | D:5      | Reached XP level 7. HP: 43/55 MP: 7/9
  6663 | D:5      | Reached *** piety under Fedhas
  6664 | D:5      | Found a glowing drain.
  6678 | Sewer    | Entered a sewer
  7076 | Sewer    | Reached skill level 4 in Armour
  7154 | Sewer    | Reached **** piety under Fedhas
  7667 | D:5      | Reached XP level 8. HP: 60/61 MP: 10/10
  7771 | D:5      | Found a shimmering altar of Xom.
  8355 | D:6      | Reached skill level 5 in Fighting
  8355 | D:6      | Reached skill level 5 in Armour
  8657 | D:6      | Found a blossoming altar of Fedhas.
  9380 | D:7      | Found Axtil's Book Shop.
  9421 | D:7      | Reached skill level 5 in Short Blades
  9718 | D:7      | Found an ancient bone altar of Kikubaaqudgha.
  9719 | D:7      | Found an ornate altar of the Wu Jian Council.
 10113 | D:8      | Reached skill level 5 in Invocations
 10188 | D:8      | Reached skill level 6 in Armour
 10295 | D:8      | Paralysed by fainting for 6 turns
 10461 | D:8      | Gained mutation: You are significantly more attuned to the
                  | shadows. [demonic ancestry]
 10461 | D:8      | Reached XP level 9. HP: 51/68 MP: 12/12
 10895 | D:8      | Reached skill level 7 in Armour
 11806 | D:9      | Reached ***** piety under Fedhas
 11938 | D:9      | Reached skill level 8 in Armour
 12201 | D:9      | Found a burning altar of Makhleb.
 12442 | D:9      | Reached skill level 1 in Throwing
 12649 | D:9      | Reached skill level 5 in Axes
 12689 | D:9      | Gained mutation: You have very sharp fingernails. [demonic
                  | ancestry]
 12689 | D:9      | Reached XP level 10. HP: 76/76 MP: 15/15
 12811 | D:10     | Entered Level 10 of the Dungeon
 12973 | D:10     | Reached skill level 9 in Armour
 13468 | D:10     | Noticed a two-headed ogre
 13508 | D:10     | Killed a two-headed ogre
 15470 | D:11     | Noticed a green ugly thing
 15470 | D:11     | Noticed a gargoyle
 15482 | D:10     | Killed a green ugly thing
 15482 | D:10     | Reached skill level 10 in Armour
 15766 | D:11     | Noticed a white ugly thing
 15791 | D:10     | Killed a gargoyle
 16458 | D:11     | Noticed a skeletal warrior
 16458 | D:11     | Noticed a skeletal warrior
 16463 | D:11     | Noticed a skeletal warrior
 16463 | D:11     | Noticed a skeletal warrior
 16749 | D:11     | Noticed a four-headed hydra
 16753 | D:11     | Gained mutation: You resist negative energy. (rN+) [demonic
                  | ancestry]
 16753 | D:11     | Reached XP level 11. HP: 80/83 MP: 17/17
 16754 | D:11     | Noticed a deep elf mage
 16756 | D:11     | Noticed a deep elf mage
 16760 | D:11     | Killed a four-headed hydra
 16765 | D:11     | Noticed a deep elf mage
 16766 | D:11     | Noticed a deep elf mage
 16767 | D:11     | Noticed a deep elf mage
 16775 | D:11     | Killed a deep elf mage
 16792 | D:11     | Killed a deep elf mage
 16792 | D:11     | Reached skill level 1 in Evocations
 16794 | D:11     | Killed a deep elf mage
 16794 | D:11     | Killed a deep elf mage
 16794 | D:11     | Reached skill level 11 in Armour
 16806 | D:11     | Killed a deep elf mage
 16810 | D:11     | Noticed a deep elf mage
 16810 | D:11     | Noticed a deep elf mage
 16812 | D:11     | Noticed a deep elf mage
 16814 | D:11     | Killed a deep elf mage
 16814 | D:11     | Killed a deep elf mage
 16816 | D:11     | Noticed a deep elf mage
 16818 | D:11     | Killed a deep elf mage
 16826 | D:11     | Killed a deep elf mage
 16827 | D:11     | Noticed a deep elf mage
 16834 | D:11     | Killed a deep elf mage
 17118 | D:11     | Paralysed by a hornet for 1 turns
 17505 | D:11     | Noticed an eight-headed hydra
 17518 | D:11     | Killed an eight-headed hydra
 17557 | D:11     | Found a staircase to the Lair.
 18679 | D:10     | Hit by a stone thrown by a skeletal warrior

Illustrated notes

Levels and vault maps discovered:
D:1:      dpeg_arrival_round_a, layout_loops_ring, nrook_mini_vaults,
          wander_ebering_terrifying_dragon_lair
D:2:      layout_loops_corners, first_ration, grunt_ministairs_12,
          kennysheep_small_spiral
D:3:      layout_basic, minitemple, ebering_ghost_reflecting_pool,
          fedhas_altar_2, uniq_grinder
D:4:      layout_basic, temple_hall, minmay_close_crescents
D:5:      layout_basic, marbit_many_paths, cheibrodos_sewer_entry_drain,
          hex_medium
D:6:      layout_loops_ring, kennysheep_little_box
D:7:      layout_loops_ring, chequers_temple_overflow_statue_of_worship,
          kennysheep_small_circle
D:8:      layout_basic
D:9:      layout_layer_cave, minmay_misc_feat_enclosed, the_bakery,
          makhleb_blood_cavern_becter
D:10:     layout_stronghold
D:11:     layout_small_grid, lair_entry_dummy, erik_orc_1, elves_outpost_lemuel

Skill      XL: |  1  2  3  4  5  6  7  8  9 10 11 |
---------------+----------------------------------+-----
Axes           | 3 4 5 6 |  6.6
Armour         | 1 2 3 4 6 8 10 11 | 11.8
Fighting       | 4 5 6 7 |  7.1
Short Blades   | 1 2 3 5 6 |  6.0
Invocations    | 2 3 5 6 8 9 |  9.5
Throwing       | 1 2 |  2.7
Evocations     | 1 |  1.7
Dodging        | |  2.6
Stealth        | |  1.7

Action                   |  1- 3 |  4- 6 |  7- 9 | 10-12 || total
-------------------------+-------+-------+-------+-------++-------
Melee: Hand axe          |    53 |    33 |   148 |       ||   234
       Dagger            |    49 |   268 |   685 |   306 ||  1308
       War axe           |       |       |       |   134 ||   134
Throw: Dart              |       |     6 |     8 |    41 ||    55
Invok: Wall of Briars    |       |     2 |       |     7 ||     9
       Grow Ballistomyce |       |       |       |     4 ||     4
Evoke: Wand              |       |       |       |    16 ||    16
  Use: Potion            |       |     2 |     5 |       ||     7
       Scroll            |       |     8 |     4 |     4 ||    16
 Stab: Sleeping          |     2 |     5 |     1 |       ||     8
       Paralysed         |       |       |       |     4 ||     4
  Eat: Chunk             |     1 |    16 |    18 |    11 ||    46
       Ration            |       |       |     4 |     4 ||     8
Armor: Robe              |    28 |    23 |       |       ||    51
       Chain mail        |       |   129 |   533 |   299 ||   961
Dodge: Dodged            |    83 |   107 |   298 |   238 ||   726
